 Dungeon Crawl Stone Soup version 0.30-b1-2-g02819fbbbe (webtiles) character file.

Game seed: 15753910578764041393

18312 raph the Zephyrmancer (level 12, -1/73 HPs)
             Began as a Tengu Air Elementalist on May 13, 2023.
             Was a Believer of Sif Muna.
             Slain by a skyshark (2 damage)
             ... while petrified by a catoblepas
             ... on level 3 of the Lair of Beasts.
             The game lasted 00:35:18 (19023 turns).

raph the Zephyrmancer (Tengu Air Elementalist)     Turns: 19023, Time: 00:35:18

Health: -1/73      AC:  9    Str:  8    XL:     12   Next: 57%
Magic:  23/25      EV:  2    Int: 24    God:    Sif Muna [**....]
Gold:   495        SH:  0    Dex: 21    Spells: 2/27 levels left

rFire   + . .        a - staff of air
rCold   + . .        (no shield)
rNeg    + + +        y - +2 robe {rC+}
rPois   ∞            L - +1 hat {Int+3}
rElec   +            E - +1 cloak
rCorr   .            p - +1 pair of gloves
SInv    .            (boots unavailable)
Will    .....        V - amulet of the acrobat
Stlth   ++           m - +6 ring of dexterity
HPRegen 0.32/turn    n - ring of protection from fire
MPRegen 0.19/turn

%: acrobat
@: petrified, flying quickly and evasively, quick
A: beak, talons 3, nimble flight
a: Renounce Religion, Channel Magic


You were on level 3 of the Lair of Beasts.
You worshipped Sif Muna.
Sif Muna was pleased with you.
You visited 3 branches of the dungeon, and saw 14 of its levels.

You collected 840 gold pieces.
You spent 345 gold pieces at shops.

Inventory:

Hand Weapons
 b - a +3 lajatang of electrocution
 d - a +3 dagger of venom
 q - a +0 quarterstaff of protection
 s - a +0 dagger of venom
 u - a +0 rapier
Missiles
 l - 4 boomerangs
 v - 19 poisoned darts
 J - a throwing net
Armour
 f - a +0 robe
 p - a +1 pair of gloves (worn)
 y - a +2 robe of cold resistance (worn)
 A - a +2 robe of positive energy
 E - a +1 cloak (worn)
 L - a +1 hat of intelligence (worn)
Magical Staves
 a - a staff of air (weapon)
 R - a staff of conjuration
Jewellery
 c - a ring of ice
 k - a ring of fire
 m - a +6 ring of dexterity (left hand)
 n - a ring of protection from fire (right hand)
 D - a ring of willpower
 G - a ring of ice
 M - a ring of protection from fire
 P - a +6 ring of strength
 S - a ring of resist corrosion
 V - an amulet of the acrobat (around neck)
 Y - a ring of see invisible
Wands
 x - a wand of polymorph (17)
 C - a wand of charming (3)
 N - a wand of iceblast (20)
 Q - a wand of flame (32)
 X - a wand of mindburst (2)
Scrolls
 e - 4 scrolls of teleportation
 F - 4 scrolls of identify
 H - 4 scrolls of fog
 I - 4 scrolls of brand weapon
 T - a scroll of poison
 U - 2 scrolls of vulnerability
Potions
 g - 3 potions of magic
 h - 3 potions of heal wounds
 i - 4 potions of haste
 j - 4 potions of flight
 o - 2 potions of degeneration
 r - 7 potions of mutation
 t - a potion of might
 w - a potion of resistance
 z - a potion of lignification
 B - 2 potions of brilliance
 K - a potion of berserk rage
 O - a potion of curing
 W - a potion of attraction


   Skills:
 + Level 7.8 Fighting
 + Level 5.6 Staves
 + Level 8.9 Dodging
 - Level 2.0 Stealth
 + Level 8.0 Spellcasting
 * Level 6.4 Conjurations
 * Level 13.5 Air Magic
 + Level 5.4 Poison Magic
 * Level 5.8 Invocations


You had 2 spell levels left.
You knew the following spells:

 Your Spells              Type           Power      Damage    Failure   Level
a - Shock                 Conj/Air       100%       1d9       1%          1
b - Static Discharge      Conj/Air       100%       2-7/arc   1%          2
c - Swiftness             Air            84%        N/A       1%          3
d - Airstrike             Air            42%        2d(6-22)  1%          4
e - Poisonous Vapours     Pois/Air       100%       N/A       1%          2
f - Dazzling Flash        Conj/Hex       50%        N/A       5%          3
g - Olgreb's Toxic Radia  Pois           35%        N/A       7%          4
h - Conjure Ball Lightni  Conj/Air       36%        3x3d12    17%         6

Your spell library contained the following spells:

 Spells                   Type           Power      Damage    Failure   Level
 Magic Dart               Conj           100%       1d8       1%          1
 Searing Ray              Conj           80%        2d7       1%          2
 Sting                    Tmut/Pois      88%        1d7       2%          1
 Momentum Strike          Conj/Tloc      50%        3d9       2%          2
 Beastly Appendage        Tmut           18%        N/A       6%          1
 Blink                    Tloc           18%        N/A       10%         2
 Ensorcelled Hibernation  Hex/Ice        18%        N/A       10%         2
 Lesser Beckoning         Tloc           18%        N/A       10%         2
 Wereblood                Tmut           9%         N/A       10%         2
 Spider Form              Tmut/Pois      22%        N/A       6%          3
 Silence                  Hex/Air        29%        N/A       11%         5
 Iskenderun's Battlesphe  Conj           40%        2d9       13%         5
 Fulminant Prism          Conj/Hex       12%        3d8       17%         4
 Summon Guardian Golem    Hex/Summ       9%         N/A       19%         3
 Fireball                 Conj/Fire      12%        3d7       43%         5
 Anguish                  Hex/Necr       4%         N/A       54%         4
 Manifold Assault         Tloc           9%         N/A       54%         4
 Agony                    Necr           9%         N/A       87%         5
 Orb of Destruction       Conj           20%        9d8       98%         7
 Storm Form               Tmut/Air       29%        N/A       98%         7
 Necromutation            Tmut/Necr      4%         N/A       100%        8


Dungeon Overview and Level Annotations

Branches:
Dungeon (9/15)             Temple (1/1) D:7            Lair (4/5) D:8
 Shoals (0/4) Lair:2       Spider (0/4) Lair:2
  Slime: Lair:4-5       Orc: D:9-12

Altars:
Ashenzari
Cheibriados
Dithmenos
Elyvilon
Fedhas
Hepliaklqana
Kikubaaqudgha
Makhleb
Nemelex Xobeh
Okawaru
Ru
Sif Muna
Trog
Vehumet
Wu Jian
Xom
Yredelemnul
Zin
The Shining One

Shops:
D:4 ((   D:7 [*

Annotations:
D:6 2 transporters, MrCrawl's ghost, amateur DsNe
Lair:1 3 runed translucent doors, Beischinu's ghost, journeyman MiFi
Lair:3 1 runed translucent door, Yjeari's ghost, journeyman GrMo


Innate Abilities, Weirdness & Mutations

You have a beak for a mouth.
You have claws for feet.
Your magical nature lets you fly swiftly and evasively.


Message History

The catoblepas bellows!
You hear an angry hiss. x2
The catoblepas moves out of view.
Found 15 gold pieces.
A skyshark comes into view.
Casting: Static Discharge (safe; 1% risk of failure)
Confirm with . or Enter, or press ? or * to list all spells.
Aiming: Airstrike (safe; 1% risk of failure)
Press: ? - help, Dir - move target, f - catoblepas
Aim: a catoblepas (empty space bonus: 8/8)
You feel a surge of power!
The air twists around and strikes the catoblepas!
The catoblepas is lightly wounded.
You hear an angry hiss.
A wyvern comes into view.
The skyshark attacks as you move away! The skyshark misses you.
The skyshark completely misses you. The skyshark misses you.
The catoblepas breathes a plume of calcifying dust at you.
The blast of calcifying dust hits you.
There is a stone staircase leading up here.
You are engulfed in calcifying dust.
You are slowing down.
The skyshark bites you!
The skyshark tastes blood and grows stronger!
The skyshark tail-slaps you but does no damage.
The skyshark tail-slaps you! The catoblepas gores you!!
You hear an angry hiss.
You fly upwards.
Level annotation: 1 runed translucent door, Yjeari's ghost, journeyman GrMo You have turned to stone.
The catoblepas gores you!! The skyshark bites you. The skyshark tail-slaps you.
The skyshark tail-slaps you!
The catoblepas gores you but does no damage.
The skyshark bites you!
* * * LOW HITPOINT WARNING * * *
The skyshark barely misses you.
The skyshark tail-slaps you but does no damage.
The catoblepas gores you!!
* * * LOW HITPOINT WARNING * * *
The skyshark bites you.
You die...

.................................
###.......>..........#..........#
#....................#.....P....
##..................P###...#.....
###.................###....##...#
##...................#.#..###...#
....................####.........
.................................
................@................
...............l.Y#.......#......
.#................###....##......
...#..............#..............
..........................#......
.................................
.................................
##..#..##..#..................#.#
####...#####...........#..#....##


You could see a catoblepas and a skyshark (strong).

Vanquished Creatures
  Josephine (Lair:3)
  3 hydras
  A two-headed ogre (D:9)
  A black mamba (Lair:4)
  An elephant (Lair:4)
  Joseph (D:8)
  6 cane toads
  An unseen horror zombie (D:9)
  A kobold demonologist (D:6)
  4 komodo dragons
  2 trolls
  Prince Ribbit (D:8)
  A hornet (D:8)
  A snapping turtle (Lair:2)
  3 culicivoras (Lair:2)
  Sigmund (D:5)
  Eustachio (D:5)
  5 wraiths (Lair:3)
  13 yaks
  A wyvern (D:9)
  A basilisk (Lair:1)
  4 steam dragons
  5 water moccasins
  Duvessa (D:4)
  2 ice beasts (D:8)
  A black bear (D:6)
  2 sky beasts (D:7)
  2 orc warriors
  An ogre (D:3)
  7 wolves (Lair:1)
  3 centaurs
  2 kobold brigands
  5 scorpions
  7 bullfrogs
  10 wights
  Dowan (D:4)
  20 killer bees
  5 electric eels
  A howler monkey (D:5)
  9 hounds
  3 orc priests
  2 jellies
  Crazy Yiuf (D:4)
  4 iguanas
  4 sleepcaps
  7 orc wizards
  A howler monkey zombie (D:9)
  4 gnolls (D:3)
  11 adders
  2 white imps
  2 ufetubi (D:5)
  3 worms
  6 dart slugs
  32 orcs
  7 ball pythons
  6 bats
  7 endoplasms
  6 giant cockroaches
  11 goblins
  7 hobgoblins
  16 kobolds
  8 quokkas
  6 frilled lizards
  7 rats
  A spectral orc (D:9)
302 creatures vanquished.

Vanquished Creatures (others)
  7 fungi
  6 plants
13 creatures vanquished.

Grand Total: 315 creatures vanquished

Notes
Turn   | Place    | Note
-------+----------+-------------------------------------------
     0 | D:1      | raph the Tengu Air Elementalist began the quest for the
                  | Orb.
     0 | D:1      | Reached XP level 1. HP: 10/10 MP: 4/4
   245 | D:1      | Reached XP level 2. HP: 15/15 MP: 1/6
   378 | D:1      | Learned a level 2 spell: Static Discharge
   557 | D:1      | Reached skill level 5 in Air Magic
   720 | D:1      | Reached XP level 3. HP: 19/19 MP: 2/7
   724 | D:1      | Learned a level 3 spell: Swiftness
  1467 | D:2      | Reached skill level 6 in Air Magic
  1733 | D:2      | Reached XP level 4. HP: 24/24 MP: 3/8
  2114 | D:2      | Found a faded altar of an unknown god.
  2148 | D:2      | Found a sacrificial altar of Ru.
  2972 | D:3      | Reached skill level 7 in Air Magic
  3223 | D:3      | Gained mutation: Your magical nature lets you fly swiftly
                  | and evasively. [Tengu growth]
  3223 | D:3      | Reached XP level 5. HP: 28/28 MP: 7/9
  4039 | D:4      | Noticed Duvessa
  4039 | D:4      | Noticed an ogre
  4039 | D:4      | Found Ybikluer's Weapon Shop.
  4046 | D:3      | Killed an ogre
  4047 | D:3      | Reached skill level 8 in Air Magic
  4047 | D:3      | Reached XP level 6. HP: 31/32 MP: 3/11
  4265 | D:3      | Learned a level 4 spell: Airstrike
  4767 | D:4      | Killed Duvessa
  4768 | D:4      | Reached skill level 1 in Fighting
  4768 | D:4      | Reached XP level 7. HP: 38/38 MP: 0/13
  5368 | D:4      | Identified a scroll of acquirement
  5368 | D:4      | Acquired a +2 lajatang of electrocution
  5434 | D:4      | Noticed Dowan
  5436 | D:4      | Killed Dowan
  5701 | D:4      | Found Entuhul's Weapon Boutique.
  5902 | D:4      | Found a sacrificial altar of Ru.
  6111 | D:4      | Found a runed translucent door.
  6112 | D:4      | Noticed Crazy Yiuf
  6118 | D:4      | Killed Crazy Yiuf
  6239 | D:4      | Got the Volume of Assistive Reconstruction
  6289 | D:5      | Entered Level 5 of the Dungeon
  6534 | D:5      | Found a burning altar of Makhleb.
  6962 | D:5      | Noticed Eustachio
  6971 | D:5      | Killed Eustachio
  6972 | D:5      | Reached skill level 9 in Air Magic
  6972 | D:5      | Reached XP level 8. HP: 44/46 MP: 8/15
  7211 | D:5      | Noticed Sigmund
  7220 | D:5      | Killed Sigmund
  7703 | D:6      | Noticed a kobold demonologist
  7708 | D:6      | Noticed a rust devil
  7714 | D:6      | Killed a kobold demonologist
  7715 | D:6      | Reached skill level 5 in Dodging
  7715 | D:6      | Reached skill level 5 in Spellcasting
  7715 | D:6      | Reached skill level 10 in Air Magic
  7854 | D:6      | Found a transporter.
  7886 | D:6      | Learned a level 2 spell: Poisonous Vapours
  7901 | D:6      | Reached XP level 9. HP: 51/52 MP: 10/18
  7960 | D:6      | Noticed a troll
  7963 | D:6      | Killed a troll
  8305 | D:6      | Noticed MrCrawl's ghost (amateur DsNe)
  8311 | D:6      | Noticed a deep elf pyromancer
  8392 | D:6      | Reached skill level 5 in Fighting
  8646 | D:6      | Found a transporter.
  9367 | D:7      | Found Vies's Armour Emporium.
  9378 | D:7      | Reached skill level 11 in Air Magic
  9389 | D:7      | Bought a +1 hat of intelligence for 240 gold pieces
  9703 | D:7      | Found a staircase to the Ecumenical Temple.
  9765 | Temple   | Entered the Ecumenical Temple
  9867 | Temple   | Became a worshipper of Sif Muna the Loreminder
 10193 | D:7      | Reached skill level 1 in Staves
 10218 | D:7      | Reached skill level 1 in Invocations
 10218 | D:7      | Reached XP level 10. HP: 34/60 MP: 0/20
 10375 | D:7      | Found Emamupp's Gadget Gallery.
 10379 | D:7      | Bought a wand of iceblast (4) for 105 gold pieces
 10858 | D:8      | Found an iron altar of Okawaru.
 11240 | D:8      | Reached * piety under Sif Muna
 11376 | D:8      | Found a staircase to the Lair.
 11424 | D:8      | Noticed Joseph
 11430 | D:8      | Killed Joseph
 11766 | D:8      | Learned a level 3 spell: Dazzling Flash
 12185 | D:8      | Found a glowing golden altar of the Shining One.
 12239 | D:8      | Noticed Prince Ribbit
 12243 | D:8      | Killed Prince Ribbit
 12448 | D:9      | Reached skill level 12 in Air Magic
 12682 | D:9      | Learned a level 4 spell: Olgreb's Toxic Radiance
 12688 | D:9      | Reached skill level 1 in Poison Magic
 12915 | D:9      | Reached XP level 11. HP: 66/66 MP: 13/22
 12963 | D:9      | Noticed a two-headed ogre
 12968 | D:9      | Killed a two-headed ogre
 13177 | D:9      | Found a shimmering altar of Xom.
 13281 | D:9      | Reached ** piety under Sif Muna
 13614 | D:9      | Found a radiant altar of Vehumet.
 13663 | D:9      | Found a snail-covered altar of Cheibriados.
 13775 | D:9      | Found a hazy altar of Hepliaklqana.
 13990 | D:9      | Found a basalt altar of Yredelemnul.
 14183 | Lair:1   | Entered Level 1 of the Lair of Beasts
 14237 | Lair:1   | Noticed Beischinu's ghost (journeyman MiFi)
 14901 | Lair:1   | Found a runed translucent gate.
 14907 | Lair:1   | Found a runed translucent gate.
 14907 | Lair:1   | Found a runed translucent gate.
 16065 | Lair:2   | Noticed an eight-headed hydra
 16094 | Lair:2   | Killed an eight-headed hydra
 16101 | Lair:1   | Reached skill level 5 in Conjurations
 16104 | Lair:1   | Reached skill level 13 in Air Magic
 16500 | Lair:2   | Reached skill level 5 in Staves
 16832 | Lair:2   | Reached XP level 12. HP: 72/72 MP: 15/24
 16842 | Lair:2   | Reached skill level 5 in Invocations
 17064 | Lair:2   | Found a hole to the Spider Nest.
 17494 | Lair:2   | Found a staircase to the Shoals.
 17903 | Lair:3   | Noticed Josephine
 17904 | Lair:3   | Reached skill level 5 in Poison Magic
 17914 | Lair:3   | Killed Josephine
 18220 | Lair:3   | Learned a level 6 spell: Conjure Ball Lightning
 18226 | Lair:3   | Noticed a seven-headed hydra
 18233 | Lair:3   | Killed a seven-headed hydra
 18328 | Lair:3   | Noticed an eight-headed hydra
 18336 | Lair:3   | Killed an eight-headed hydra
 18441 | Lair:3   | Found a runed translucent door.
 18442 | Lair:3   | Noticed Yjeari's ghost (journeyman GrMo)
 19011 | Lair:4   | Noticed a catoblepas
 19012 | Lair:4   | Noticed a skyshark
 19023 | Lair:3   | HP: 1/73 [catoblepas (13)]
 19023 | Lair:3   | Slain by a skyshark

Illustrated notes

Levels and vault maps discovered:
D:1:      mushboom_english_gardens, layout_basic, serial_rivers,
          chequers_serial_rivers_micro_a, chequers_serial_rivers_micro_e,
          chequers_serial_rivers_room_b, chequers_serial_rivers_micro_e,
          chequers_serial_rivers_small_b, minmay_pentomino_o4
D:2:      layout_basic, basic_altar, ebering_ecumenical_altar_abandoned
D:3:      minmay_bubble_buster, layout_loops_ring, hex_tiny,
          reono_crystal_passage
D:4:      layout_rooms, nicolae_ru_great_annihilating_truth,
          nicolae_stop_n_shop_2, kennysheep_windowed_goal, uniq_duvessa,
          uniq_crazy_yiuf_cottage
D:5:      layout_loops_ring, kennysheep_little_box, uniq_sigmund, uniq_eustachio
D:6:      cheibrodos_iron_armory, layout_rooms, gammafunk_ghost_arena
D:7:      layout_loops_ring, minmay_temple_entry_mini_moons, serial_shops,
          nicolae_shop_hallway_plus, nicolae_shop_gadgets
D:8:      layout_gridville, marbit_many_paths, kennysheep_okawaru_gauntlet,
          erik_lair_island, enter_ossuary_5, uniq_joseph, uniq_prince_ribbit1
D:9:      layout_long_grid, lemuel_zombie_altar_yredelemnul,
          nicolae_hepliaklqana_monster_ancestors, lemuel_doored_altar,
          grunt_temple_overflow_open
Temple:   zaba_magenta_temple
Lair:1:   layout_hall_layers, gammafunk_ghost_split, gauntlet_entry_generic,
          enter_volcano_1, wad_woods_river_04
Lair:2:   layout_roguey, minmay_shoals_entry_hut,
          hellmonk_spider_entry_life_and_decay, grunt_megastairs_2
Lair:3:   layout_small_grid, ebering_ghost_reflecting_pool, uniq_josephine
Lair:4:   layout_gridlike, nzn_random_ring, serial_bayou_shore_b,
          grunt_megastairs_1

Skill      XL: |  1  2  3  4  5  6  7  8  9 10 11 12 |
---------------+-------------------------------------+-----
Air Magic      | 5 6 7 8 9 10 11 12 13 | 13.5
Conjurations   | 2 3 5 6 |  6.4
Spellcasting   | 3 4 5 6 7 8 |  8.0
Fighting       | 1 3 4 5 6 7 |  7.8
Dodging        | 4 5 6 7 8 |  8.9
Staves         | 1 3 5 |  5.6
Invocations    | 1 3 4 5 |  5.8
Poison Magic   | 1 4 5 |  5.4
Stealth        | |  2.0

Action                     |  1- 3 |  4- 6 |  7- 9 | 10-12 || total
---------------------------+-------+-------+-------+-------++-------
  Melee: Staff             |       |     8 |     8 |    13 ||    29
         Peck              |       |     1 |     4 |     8 ||    13
         Dagger            |       |       |     2 |       ||     2
         Kick              |       |       |     4 |    12 ||    16
         Lajatang          |       |       |       |    31 ||    31
  Throw: Dart              |       |       |     2 |       ||     2
   Cast: Shock             |    54 |    77 |   101 |    46 ||   278
         Static Discharge  |     2 |    15 |    67 |   149 ||   233
         Airstrike         |       |     5 |    26 |    78 ||   109
         Poisonous Vapours |       |       |     2 |    16 ||    18
         Swiftness         |       |       |     1 |       ||     1
         Dazzling Flash    |       |       |       |     3 ||     3
         Olgreb's Toxic Ra |       |       |       |    16 ||    16
 Invoke: Channel Magic     |       |       |       |     4 ||     4
    Use: Scroll            |     6 |     6 |    10 |     8 ||    30
         Potion            |       |     3 |     2 |     2 ||     7
   Stab: Sleeping          |       |       |     1 |       ||     1
         Invisible         |       |       |       |     1 ||     1
 Armour: Robe              |     2 |     5 |    14 |    46 ||    67
  Dodge: Dodged            |     3 |    21 |    80 |   261 ||   365
